 Dungeon Crawl Stone Soup version 0.23-a0-586-gacb4b3f (webtiles) character file.

8279 inc the Thaumaturge (level 11, -48/50 HPs)
             Began as a Felid Fire Elementalist on Dec 18, 2018.
             Was an Elder of Fedhas.
             Hit by a large rock thrown by a stone giant (55 damage)
             ... on level 1 of the Orcish Mines on Dec 19, 2018.
             The game lasted 00:43:36 (20940 turns).

inc the Thaumaturge (Felid Fire Elementalist)      Turns: 20940, Time: 00:43:37

Health: -48/50     AC:  7    Str:  4    XL:     11   Next: 7%
Magic:  4/28       EV: 25    Int: 21    God:    Fedhas [****..]
Gold:   1414       SH:  3    Dex: 16    Spells: 19/35 levels left
                                        Lives:  0   Deaths: 2

rFire    . . .     SeeInvis +   (weapon unavailable)
rCold    . . .     Gourm    .   (shield unavailable)
rNeg     . . .     Faith    .   (armour unavailable)
rPois    .         Spirit   .   (helmet unavailable)
rElec    .         Reflect  +   (cloak unavailable)
rCorr    .         Harm     .   (gloves unavailable)
MR       +....                  (boots unavailable)
Stlth    +++.......             q - +3 amulet of reflection
HPRegen  0.16/turn              j - +3 ring of protection
MPRegen  0.21/turn              r - +2 ring of protection

@: quick
A: very small, no armour, no weapons or thrown items, stealth, claws 1, fangs 3,
see invisible, carnivore, speed 1, shaggy fur 2, slow metabolism 1, sharp paws
a: Fungal Bloom, Sunlight, Evolution, Growth, Reproduction, Renounce Religion


You were on level 1 of the Orcish Mines.
You worshipped Fedhas.
Fedhas was greatly pleased with you.
You were not hungry.

You visited 3 branches of the dungeon, and saw 16 of its levels.

You collected 1594 gold pieces.
You spent 180 gold pieces at shops.

Inventory:

Jewellery
 d - a +2 amulet of reflection
 j - a +3 ring of protection (left paw)
 m - an uncursed amulet of magic regeneration
 o - an uncursed ring of protection from cold
 q - a +3 amulet of reflection (around neck)
 r - a +2 ring of protection (right paw)
 s - an uncursed ring of stealth
 u - an uncursed ring of ice
 B - an uncursed ring of protection from cold
Wands
 h - a wand of polymorph (11)
 F - a wand of enslavement (19)
 H - a wand of acid (6)
 J - a wand of paralysis (8)
 K - a wand of disintegration (13)
Scrolls
 f - 2 scrolls of amnesia {unknown}
 i - 3 scrolls of teleportation
 k - a scroll of noise {unknown}
 n - 2 scrolls of fear {unknown}
 t - 2 scrolls of fog {unknown}
 v - 2 scrolls of identify
 w - a scroll of enchant armour
 x - 2 scrolls of enchant weapon {unknown}
 y - 2 scrolls of magic mapping {unknown}
 C - a scroll of remove curse
 D - 2 scrolls of random uselessness {unknown}
Potions
 a - a potion of mutation
 c - a potion of flight
 e - 2 potions of lignification
 g - 5 potions of might
 l - a potion of haste
 p - 2 potions of curing
 z - 3 potions of agility
 A - a potion of resistance
 E - a potion of berserk rage
 I - 2 potions of magic {unknown}
Miscellaneous
 G - a lamp of fire
Comestibles
 b - 21 rations


   Skills:
 - Level 7.0 Fighting
 - Level 9.7 Dodging
 - Level 2.6 Stealth
 - Level 12.5 Spellcasting
 + Level 9.0 Conjurations
 + Level 9.0 Fire Magic


You had 19 spell levels left.
You knew the following spells:

 Your Spells              Type           Power        Failure   Level  Hunger
a - Flame Tongue          Conj/Fire      #####        1%          1    None
b - Conjure Flame         Conj/Fire      ######..     1%          3    None
c - Sticky Flame          Conj/Fire      ######..     1%          4    None
d - Inner Flame           Hex/Fire       ####....     2%          3    None
f - Fireball              Conj/Fire      ######....   3%          5    ####...

Your spell library contained the following spells:

 Spells                   Type           Power        Failure   Level  Hunger
 Magic Dart               Conj           ####         1%          1    None
 Throw Flame              Conj/Fire      ######       1%          2    None
 Beastly Appendage        Tmut           ##....       4%          1    None
 Mephitic Cloud           Conj/Pois/Air  ####....     4%          3    None
 Blink                    Tloc           N/A          8%          2    None
 Call Imp                 Summ           ##......     8%          2    None
 Slow                     Hex            ##......     8%          2    None
 Sticks to Snakes         Tmut           ##......     8%          2    None
 Spider Form              Tmut/Pois      ##........   16%         3    None
 Ice Form                 Ice/Tmut       ##......     45%         4    None
 Blade Hands              Tmut           ##........   80%         5    ####...


Dungeon Overview and Level Annotations

Branches:
Dungeon (13/15)            Temple (1/1) D:6            Lair (0/6) D:10
    Orc (2/2) D:12
    Elf: Orc:2       Vaults: D:13-14

Altars:
Ashenzari
Cheibriados
Dithmenos
Elyvilon
Fedhas
Gozag
Hepliaklqana
Kikubaaqudgha
Makhleb
Nemelex Xobeh
Okawaru
Qazlal
Ru
Sif Muna
Trog
Uskayaw
Vehumet
Wu Jian
Xom
Yredelemnul
Zin
The Shining One
Beogh

Shops:
D:5 *   D:9 [=[%!   D:12 !

Annotations:
D:2 Sigmund
D:6 3 runed doors, feelmyfire's ghost, novice TrWr
D:8 dig vault


Innate Abilities, Weirdness & Mutations

You cannot wear armour.
You are incapable of wielding weapons or throwing items.
Your paws allow you to move quietly. (Stealth)
You have sharp claws.
You have razor-sharp teeth.
You have supernaturally acute eyesight. (SInv)
You are carnivorous and can eat meat at any time.
You cover ground quickly.
You are covered in thick fur. (AC +2)
You have a slow metabolism.
Your sharp claws are effective at attacking unaware monsters.


Message History

Confirm with . or Enter, or press ? or * to list all spells.
Aiming: Fireball (safe; 3% risk of failure)
Press: ? - help, Shift-Dir - straight line, f/p - orc
Aim: an orc, wielding a +0 falchion and wearing a +0 ring mail (moderately The fireball explodes!
The fireball engulfs the orc.
The orc explodes!
The fiery explosion engulfs the orc.
You kill the orc!
The fiery explosion engulfs the stone giant.
The stone giant is heavily wounded.
The fiery explosion engulfs the orc priest.
You kill the orc priest!
The fireball engulfs the stone giant.
The stone giant is severely wounded.
You hear a shout!
The stone giant is engulfed in blazing flames.
The stone giant throws a large rock.
The large rock hits you!!!
Ouch! That really hurt!
You die...
Fedhas appreciates your contribution to the ecosystem.

##.......o#............
##.#.#.....#............
#..(.......#..8..#..#..#
#....#§C§#.#............
##.####)##.#............
### ##§##.#..#..###'###
##.....#.....#....8#
#...#..#.....'.....#
##.@##.#..#..'.._..#
##...#.#.....'.....#
#......#.....#....8#
#......#..#..###'###
#.......#.........[..
#.....##.#.........[..
##.#######..8..#..#..#
## #............
#............


You could see a stone giant.

Vanquished Creatures
  Erica (Orc:1)
  4 two-headed ogres
  3 orc high priests
  Pikel (D:9)
  An orc knight (D:12)
  An ugly thing (D:12)
  An orc sorcerer (Orc:1)
  A cyclops (D:12)
  Maurice (Orc:1)
  2 komodo dragons (D:10)
  A queen bee (D:11)
  9 trolls
  3 hippogriffs
  A hornet (D:10)
  A human (D:8)
  A wyvern (D:10)
  11 yaks (D:9)
  3 vampire mosquitoes (D:9)
  3 hungry ghosts
  6 wargs
  Menkaure (D:4)
  Edmund (D:4)
  A soldier ant (D:12)
  Duvessa (D:4)
  2 black bears
  3 ice beasts
  11 orc warriors
  A sky beast (D:5)
  3 phantoms
  17 ogres
  7 centaurs
  4 bullfrogs
  2 big kobolds (D:10)
  Dowan (D:4)
  5 scorpions
  32 killer bees
  6 wights
  A crimson imp (D:10)
  A bullfrog zombie (D:12)
  6 jellies
  2 quasits
  2 centaur zombies
  5 hounds
  21 orc priests
  3 bullfrog skeletons
  17 orc wizards
  Jessica (D:3)
  3 iguanas
  9 worker ants
  A hound zombie (D:6)
  2 worker ant zombies
  3 gnolls (D:7)
  12 adders
  4 shadow imps
  11 oozes
  An adder skeleton (D:4)
  8 worms
  5 dart slugs
  7 leopard geckos
  106 orcs
  4 giant cockroaches
  A gnoll zombie (D:4)
  7 goblins
  10 hobgoblins
  16 jackals
  7 quokkas
  9 bats
  6 frilled lizards
  23 kobolds
  A leopard gecko skeleton (D:5)
  2 leopard gecko zombies
  A quokka zombie (D:9)
  13 rats
484 creatures vanquished.

Vanquished Creatures (others)
  An orc wizard (Orc:1)
  4 fungi (D:2)
  A plant (D:10)
  10 toadstools (D:2)
16 creatures vanquished.

Grand Total: 500 creatures vanquished

Notes
Turn   | Place    | Note
-------+----------+-------------------------------------------
     0 | D:1      | inc the Felid Fire Elementalist began the quest for the
                  | Orb.
     0 | D:1      | Reached XP level 1. HP: 7/7 MP: 4/4
    43 | D:1      | Reached skill level 1 in Conjurations
   578 | D:1      | Reached XP level 2. HP: 7/11 MP: 1/6
  1321 | D:2      | Reached XP level 3. HP: 14/14 MP: 5/7
  1424 | D:2      | Reached XP level 4. HP: 10/18 MP: 1/8
  1713 | D:2      | Noticed Sigmund
  2006 | D:2      | Reached XP level 5. HP: 12/21 MP: 4/9
  3515 | D:3      | Learned a level 3 spell: Conjure Flame
  3520 | D:3      | Learned a level 4 spell: Sticky Flame
  3531 | D:3      | Gained mutation: You are covered in thick fur. (AC +2)
                  | [Felid growth]
  3531 | D:3      | Reached XP level 6. HP: 21/24 MP: 3/10
  3633 | D:3      | Found a sacrificial altar of Ru.
  3870 | D:3      | Noticed Jessica
  3878 | D:3      | Killed Jessica
  4402 | D:4      | Noticed Duvessa
  4433 | D:4      | Noticed Edmund
  4458 | D:4      | Killed Edmund
  4458 | D:4      | Reached skill level 5 in Conjurations
  4458 | D:4      | Reached skill level 5 in Fire Magic
  4483 | D:4      | Reached XP level 7. HP: 27/27 MP: 0/11
  4603 | D:4      | Noticed Menkaure
  4626 | D:4      | Killed Menkaure
  4817 | D:4      | Noticed Dowan
  4980 | D:4      | Noticed a moth of wrath
  4983 | D:4      | Found a bloodstained altar of Trog.
  5154 | D:4      | Killed Duvessa
  5224 | D:4      | Killed Dowan
  5713 | D:5      | Entered Level 5 of the Dungeon
  5713 | D:5      | Found Cinaol's Assorted Antiques.
  5806 | D:5      | Reached XP level 8. HP: 31/31 MP: 2/12
  5814 | D:5      | Found a stormy altar of Qazlal.
  5817 | D:5      | Noticed an air elemental
  5836 | D:5      | Reached skill level 1 in Fighting
  6133 | D:5      | Found an ancient bone altar of Kikubaaqudgha.
  6135 | D:5      | Found a shadowy altar of Dithmenos.
  6135 | D:5      | Found a radiant altar of Vehumet.
  6634 | D:5      | Bought a potion of heal wounds for 150 gold pieces
  6634 | D:5      | Bought a scroll labeled DUOD JELOEJATT for 30 gold pieces
  6654 | D:5      | You fall through a shaft!
  6936 | D:6      | Reached skill level 3 in Spellcasting
  6974 | D:6      | Found a staircase to the Ecumenical Temple.
  7108 | Temple   | Entered the Ecumenical Temple
  7182 | Temple   | Became a worshipper of Fedhas Madash
  7346 | D:6      | Found a runed gate.
  7346 | D:6      | Found a runed gate.
  7346 | D:6      | Found a runed gate.
  7617 | D:6      | Found a glowing silver altar of Zin.
  7662 | D:6      | Noticed feelmyfire's ghost (novice TrWr)
  7894 | D:6      | Reached skill level 4 in Spellcasting
  8040 | D:5      | Reached skill level 5 in Spellcasting
  8157 | D:5      | Found a hazy altar of Hepliaklqana.
  8521 | D:7      | Reached XP level 9. HP: 37/37 MP: 10/18
  8788 | D:7      | Found the +8 trident of the Octopus King {venom, rElec
                  | rPois MR+}
  8972 | D:7      | Reached skill level 6 in Spellcasting
  9196 | D:8      | Noticed a troll
  9230 | D:8      | Noticed an unseen horror
  9249 | D:8      | Noticed a skeletal warrior
  9249 | D:8      | Noticed a tengu warrior
  9381 | D:8      | Reached skill level 7 in Spellcasting
  9674 | D:8      | Reached * piety under Fedhas
  9796 | D:8      | Reached skill level 8 in Spellcasting
 10148 | D:9      | Found Ziskauth's Jewellery Emporium.
 10274 | D:9      | Reached skill level 9 in Spellcasting
 10509 | D:8      | Learned a level 3 spell: Inner Flame
 10533 | D:9      | Reached XP level 10. HP: 40/40 MP: 15/24
 10546 | D:9      | Noticed a two-headed ogre
 10570 | D:9      | Killed a two-headed ogre
 10570 | D:9      | Reached skill level 10 in Spellcasting
 10625 | D:9      | Found Renaaqut's Food Shoppe.
 10822 | D:9      | Found Halepeef's Antique Armour Shoppe.
 10846 | D:9      | Found Acvuotan's Antique Armour Boutique.
 10914 | D:9      | Found a white marble altar of Elyvilon.
 11168 | D:9      | Noticed Pikel
 11179 | D:9      | Killed Pikel
 11179 | D:9      | Reached skill level 11 in Spellcasting
 11183 | D:9      | Found a basalt altar of Yredelemnul.
 11420 | D:9      | Found a shimmering altar of Xom.
 11421 | D:9      | Found a shimmering altar of Xom.
 11422 | D:9      | Found a shimmering altar of Xom.
 11535 | D:9      | Found Wyekiur's Distillery.
 11629 | D:9      | Reached skill level 12 in Spellcasting
 11986 | D:10     | Entered Level 10 of the Dungeon
 12018 | D:10     | Found a staircase to the Lair.
 12070 | D:10     | HP: 2/40 [poisoned by a killer bee]
 12356 | D:10     | Reached XP level 11. HP: 44/44 MP: 8/28
 12696 | D:10     | Reached skill level 5 in Dodging
 13000 | D:10     | Reached ** piety under Fedhas
 14240 | D:11     | Learned a level 5 spell: Fireball
 14381 | D:11     | Reached skill level 5 in Fighting
 15090 | D:12     | Noticed a two-headed ogre
 15097 | D:12     | Found Yddoi's Distillery.
 15098 | D:12     | Killed a two-headed ogre
 15202 | D:12     | Noticed a white ugly thing
 15284 | D:12     | Noticed a two-headed ogre
 15288 | D:12     | HP: 1/48 [white ugly thing (31)]
 15460 | D:12     | Found a blossoming altar of Fedhas.
 15838 | D:12     | Killed a white ugly thing
 16216 | D:12     | Found a staircase to the Orcish Mines.
 16417 | D:12     | Reached *** piety under Fedhas
 16472 | D:12     | Killed a two-headed ogre
 17308 | D:13     | Noticed a centaur warrior
 17313 | D:13     | Shot with an arrow by a centaur
 17314 | D:13     | Reached XP level 10. HP: -1/47 MP: 24/27
 17336 | D:13     | Reached XP level 11. HP: 38/50 MP: 21/28
 17493 | Orc:1    | Entered Level 1 of the Orcish Mines
 17501 | Orc:1    | Noticed Maurice
 17634 | Orc:1    | Noticed an orc knight
 17639 | Orc:1    | Killed Maurice
 18361 | D:12     | Killed an orc knight
 18716 | Orc:1    | Noticed an orc high priest
 18884 | Orc:1    | Killed an orc high priest
 18988 | Orc:1    | Noticed an orc high priest
 18989 | Orc:1    | Noticed Erica
 18994 | Orc:1    | Noticed a sun demon
 18998 | Orc:1    | Killed an orc high priest
 19247 | Orc:1    | Noticed an orc sorcerer
 19263 | Orc:1    | Killed an orc sorcerer
 19457 | Orc:1    | Killed Erica
 19842 | Orc:1    | Found a roughly hewn altar of Beogh.
 19865 | Orc:1    | Reached **** piety under Fedhas
 20048 | Orc:2    | Entered Level 2 of the Orcish Mines
 20090 | Orc:2    | Noticed a two-headed ogre
 20103 | Orc:2    | Killed a two-headed ogre
 20731 | Orc:2    | Noticed an orc high priest
 20738 | Orc:2    | Noticed an orc high priest
 20742 | Orc:2    | Killed from afar by an orc priest
 20743 | Orc:2    | Reached XP level 10. HP: -6/47 MP: 5/27
 20767 | Orc:2    | Killed an orc high priest
 20767 | Orc:2    | Reached XP level 11. HP: 38/50 MP: 3/28
 20922 | Orc:1    | Noticed a stone giant
 20940 | Orc:1    | Hit by a large rock thrown by a stone giant

Vault maps used:
D:1:      denvon_arrival_planthouse
D:2:      cheibrodos_fertilizer, uniq_sigmund
D:3:      nicolae_overflow_hidden_temple, serial_bayou_pond_e, st_stairs_8,
          minivault_4, minmay_quantized, uniq_jessica
D:4:      tgw_trog, enter_ossuary_3, minivault_27, uniq_duvessa, uniq_menkaure,
          uniq_edmund
D:5:      lemuel_doored_altar, gammafunk_temple_overflow_claw, first_ration,
          serial_shops, nicolae_shop_window_shopping,
          nicolae_qazlal_style_of_elements
D:6:      zin_treasury, temple_statues, ebering_ghost_rock_garden,
          roderic_lattice_a, interstate_on_off
D:8:      grunt_pizzeria, minivault_12
D:9:      kennysheep_ying_yang, serial_shops, nicolae_shop_stone,
          nicolae_shop_overgrown_old_shop, nicolae_shop_trees, shop, shop,
          xom_shifter_show, uniq_pikel
D:10:     david_lair_shrubbed
D:12:     hiddenorc1_lemuel, serial_shops, nicolae_shop_trees, fedhas_altar_1
D:13:     grunt_vaults_entry_tiered
Temple:   cyrus_circular_temple
Orc:1:    minmay_orc_temple_c, uniq_erica, uniq_maurice
Orc:2:    st_orc_town

Skill      XL: |  1  2  3  4  5  6  7  8  9 10 11 |
---------------+----------------------------------+-----
Conjurations   | 1 2 3 4 5 6 9 |  9.0
Fire Magic     | 3 4 5 6 9 |  9.0
Fighting       | 2 7 |  7.0
Dodging        | 4 9 |  9.7
Spellcasting   | 5 9 12 | 12.5
Stealth        | |  2.6

Action                   |  1- 3 |  4- 6 |  7- 9 | 10-12 || total
-------------------------+-------+-------+-------+-------++-------
Melee: Unarmed           |     7 |     7 |    44 |    21 ||    79
       Bite              |       |       |     3 |     1 ||     4
 Cast: Flame Tongue      |    52 |   168 |   323 |   554 ||  1097
       Sticky Flame      |       |     1 |    19 |   105 ||   125
       Conjure Flame     |       |       |     1 |     8 ||     9
       Fireball          |       |       |       |    34 ||    34
       Inner Flame       |       |       |       |     8 ||     8
Evoke: Wand              |       |       |     3 |     1 ||     4
  Use: Scroll            |       |     5 |     1 |     7 ||    13
       Potion            |       |       |     2 |     8 ||    10
  Eat: Chunk             |       |     9 |    21 |    20 ||    50
Armor: Skin              |     2 |     9 |    25 |    40 ||    76
Dodge: Dodged            |    20 |    79 |   161 |   397 ||   657
Block: Other             |       |     5 |    17 |    46 ||    68
       Reflection        |       |       |     2 |     6 ||     8

Table legend:
 A = Non-vault XP
 B = Vault XP
 C = Vault XP percentage of total XP
 D = Non-vault monster count
 E = Vault monster count
 F = Vault count percentage of total count
                 A         B        C        D         E       F
            +---------+---------+-------+---------+---------+-------
      Total |   23323 |    9590 |  29.1 |     365 |     120 |  24.7
            +---------+---------+-------+---------+---------+-------
        D:1 |      27 |       0 |   0.0 |      16 |       0 |   0.0
        D:2 |      99 |     162 |  62.1 |      29 |      18 |  38.3
        D:3 |     185 |      78 |  29.7 |      30 |       8 |  21.1
        D:4 |     213 |     574 |  72.9 |      10 |      10 |  50.0
        D:5 |     941 |       0 |   0.0 |      37 |       0 |   0.0
        D:6 |     486 |       0 |   0.0 |      20 |       0 |   0.0
        D:7 |     376 |       0 |   0.0 |      13 |       0 |   0.0
        D:8 |    1401 |     207 |  12.9 |      29 |       1 |   3.3
        D:9 |    4486 |     685 |  13.2 |      29 |       1 |   3.3
       D:10 |    2829 |     361 |  11.3 |      39 |       1 |   2.5
       D:11 |    1348 |    1848 |  57.8 |      30 |      26 |  46.4
       D:12 |    5339 |     181 |   3.3 |      37 |      17 |  31.5
       D:13 |     657 |       0 |   0.0 |       8 |       0 |   0.0
      Orc:1 |    2747 |    3782 |  57.9 |      31 |      24 |  43.6
      Orc:2 |    2189 |    1712 |  43.9 |       7 |      14 |  66.7
            +---------+---------+-------+---------+---------+-------
